 Dungeon Crawl Stone Soup version 0.29-a0-284-gf9362112df (webtiles) character file.

Game seed: 18385659716980873012

14 spaghetti the Ruffian (level 2, 28/28 HPs)
             Began as an Ogre Transmuter on Mar 23, 2022.
             Quit the game on level 1 of the Dungeon.
             The game lasted 00:01:40 (707 turns).

spaghetti the Ruffian (Ogre Transmuter)              Turns: 707, Time: 00:01:41

Health: 28/28      AC:  3    Str: 13    XL:     2   Next: 45%
Magic:  5/5        EV:  9    Int: 14    God:
Gold:   54         SH:  0    Dex:  9    Spells: 4/5 levels left

rFire   . . .      SeeInvis .   h - +0 dagger {short}
rCold   . . .      Faith    .   (no shield)
rNeg    . . .      Spirit   .   a - +0 robe
rPois   .          Reflect  .   (helmet restricted)
rElec   .          Harm     .   (no cloak)
rCorr   .          Rampage  .   (gloves unavailable)
Will    .....                   (boots unavailable)
Stlth   +.........              (no amulet)
HPRegen 0.09/turn               (no ring)
MPRegen 0.09/turn               (no ring)

@: no status effects
A: large, unfitting armour, tough skin 1
a: no special abilities


You were on level 1 of the Dungeon.
You visited 1 branch of the dungeon, and saw 1 of its levels.

You collected 54 gold pieces.


Innate Abilities, Weirdness & Mutations

You are too large for most types of armour.
You have tough skin. (AC +1)


   Skills:
 + Level 1.6 Fighting
 - Level 1.7 Dodging
 - Level 2.6 Unarmed Combat
 - Level 2.4 Spellcasting
 + Level 2.6 Transmutations


You had 4 spell levels left.
You knew the following spells:

 Your Spells              Type           Power      Damage    Failure   Level
a - Beastly Appendage     Tmut           18%        N/A       8%          1

Your spell library contained the following spells:

 Spells                   Type           Power      Damage    Failure   Level
 Wereblood                Tmut           9%         N/A       12%         2
 Spider Form              Tmut/Pois      5%         N/A       36%         3
 Ice Form                 Ice/Tmut       5%         N/A       78%         4

Inventory:

Hand Weapons
 d - a +0 short sword {short}
   (You took it off a kobold on level 1 of the Dungeon)
 g - a +0 dagger {short}
   (You found it on level 1 of the Dungeon)
 h - a +0 dagger (weapon) {short}
   (You took it off a goblin on level 1 of the Dungeon)
Missiles
 e - 24 stones (quivered) {throwing}
Armour
 a - a +0 robe (worn)
Scrolls
 c - a scroll of identify {unknown}
 i - a scroll of brand weapon {unknown}
 j - a scroll of teleportation {unknown}
Potions
 b - a potion of lignification {!q}
 f - a potion of might

Dungeon Overview and Level Annotations

Branches:
Dungeon (1/15)

Altars:

# ..............# #....#
# ##............# #....#
##
..............#####....#
.###
##..#.................###
.#^#
....#................##
.###
....###...............#
##
......#######....)....#
...w...#### #.........#
#.#..@.###.........#
#.#.##.............#
..#.#...######.........#
#..........# #.........#
#..........###.........#
#.#.........##.........#
.............#.........#
#.#........#.##.......##
#$#..........#.......##


You could see a dart slug.


Message History

The rat closely misses you.
You barely miss the rat. You claw the rat.
You kill the rat!
Your transformation is almost over.
You start resting. 😕 HP[+1] MP[+1]
Your mp is fully restored (5).
Your horns disappear.
Your talons disappear.
Things that are here:
a +0 club {mace}; a goblin corpse; 😎 HP[+3]
Your hp is fully restored (27).
Unknown command.
i - a scroll labelled FATWIRONORR A kobold comes into view.
It is wielding a +0 flail.
A kobold is nearby!
Casting: Beastly Appendage (safe; 8% risk of failure)
Press: ? - help, Q - select action, (/) - cycle Dir - look around, f - activate You grow a pair of large bovine horns.
Your feet morph into talons.
The kobold shouts!
The kobold throws a stone.
The stone hits you but does no damage. 😎 MP[-1]
You lost 1 mp, and now have 4/5 mp.
The kobold throws a stone.
The stone closely misses you.
You hit the kobold but do no damage. You claw the kobold, but do no damage.
Your headbutt misses the kobold. The kobold closely misses you.
You hit the kobold but do no damage.
The kobold hits you with a +0 flail! 😮 HP[-9]
You take 9 damage, and now have 18/27 hp.
MASSIVE DAMAGE!! (PAUSE)
You barely miss the kobold. Your headbutt misses the kobold.
The kobold hits you but does no damage.
You completely miss the kobold. The kobold closely misses you.
You hit the kobold but do no damage.
Your transformation is almost over.
The kobold hits you with a +0 flail. 😮 HP[-3]
You take 3 damage, and now have 15/27 hp.
You closely miss the kobold. Your kick misses the kobold.
The kobold closely misses you.
You hit the kobold. Your headbutt misses the kobold.
The kobold barely misses you. 😮 HP[+1] MP[+1]
Your mp is fully restored (5).
You hit the kobold but do no damage. You claw the kobold, but do no damage.
Your headbutt misses the kobold. The kobold hits you but does no damage.
Unknown command.
You closely miss the kobold. You claw the kobold, but do no damage.
Your headbutt misses the kobold. The kobold hits you with a +0 flail!
* * * LOW HITPOINT WARNING * * *
😨 HP[-8]
You take 8 damage, and now have 8/27 hp.
MASSIVE DAMAGE!! (PAUSE) Unknown command.
You hit the kobold but do no damage. Your headbutt misses the kobold.
The kobold closely misses you.
You closely miss the kobold. You claw the kobold, but do no damage.
The kobold hits you but does no damage.
It was a potion of might.
You feel very mighty all of a sudden. The kobold hits you but does no damage.
You hit the kobold but do no damage. You claw the kobold.
You kill the kobold!
e - 24 stones {throwing} (gained 5);
j - a scroll labelled APINOUGOJ
Things that are here:
a +0 flail {mace}; a +0 scale mail Your horns disappear.
Your talons disappear.
Okay, then.
You start resting.
You feel a little less mighty now. 😎 HP[+19]
Your hp is fully restored (27).
You now have 54 gold pieces (gained 8).
Found a stone staircase leading down.
An endoplasm comes into view.
The endoplasm quivers.
An endoplasm is nearby!
The endoplasm freezes you.
You are frozen. 😕 HP[-1]
You take 1 damage, and now have 26/27 hp.
You hit the endoplasm. The endoplasm barely misses you.
You hit the endoplasm but do no damage. The endoplasm barely misses you.
You hit the endoplasm.
The endoplasm hits you but does no damage.
You hit the endoplasm.
You kill the endoplasm! 😕 HP[+1]
You now have 28 max hp (+1).
No target in view!
No target in view!
No target in view!
No target in view!
No target in view!
No target in view!
No target in view!
A dart slug comes into view.
The dart slug moves out of view. 😎 HP[+1]
Your hp is fully restored (28).
Are you sure you want to abandon this character and quit the game? (Confirm with "yes".)

Skill      XL: |  1 |
---------------+----+-----
Transmutations | 2 |  2.6
Fighting       | |  1.6
Dodging        | |  1.7
Unarmed Combat | |  2.6
Spellcasting   | |  2.4

Action                   || total
-------------------------++-------
Melee: Unarmed           ||    26
       Kick              ||    11
       Dagger            ||    21
       Punch             ||     2
 Cast: Beastly Appendage ||     5
  Use: Potion            ||     1
Armor: Robe              ||    13
Dodge: Dodged            ||    25

Levels and vault maps discovered:
D:1:      shiori_arrival_whats_in_store_for_you, layout_rooms,
          lexackson_kobold_supper

Notes
Turn   | Place    | Note
-------+----------+-------------------------------------------
     0 | D:1      | spaghetti the Ogre Transmuter began the quest for the Orb.
     0 | D:1      | Reached XP level 1. HP: 19/19 MP: 3/3
     0 | D:1      | magus.rc [v1.9.6]
     7 | D:1      | Noticed a demonspawn zombie
    11 | D:1      | Noticed a demonspawn zombie
    15 | D:1      | Noticed a minotaur zombie
    83 | D:1      | Reached skill level 2 in Transmutations
   192 | D:1      | Reached XP level 2. HP: 14/27 MP: 3/5
   707 | D:1      | Quit the game

Vanquished Creatures
  2 endoplasms (D:1)
  A giant cockroach (D:1)
  3 goblins (D:1)
  A hobgoblin (D:1)
  A ball python (D:1)
  A bat (D:1)
  A frilled lizard (D:1)
  2 kobolds (D:1)
  A rat (D:1)
13 creatures vanquished.

Table legend:
 A = Non-vault XP
 B = Vault XP
 C = Vault XP percentage of total XP
 D = Non-vault monster count
 E = Vault monster count
 F = Vault count percentage of total count
                 A         B        C        D         E       F
            +---------+---------+-------+---------+---------+-------
      Total |      21 |       0 |   0.0 |      13 |       0 |   0.0
            +---------+---------+-------+---------+---------+-------
        D:1 |      21 |       0 |   0.0 |      13 |       0 |   0.0
            +---------+---------+-------+---------+---------+-------

Illustrated notes

Table legend:
 A = Kills in this place as a percentage of kills in entire the game.
 B = Kills by you in this place as a percentage of kills by you in the entire game.
 C = Kills by friends in this place as a percentage of kills by friends in the entire game.
 D = Other kills in this place as a percentage of other kills in the entire game.
 E = Experience gained in this place as a percentage of experience gained in the entire game.
 F = Experience gained in this place divided by the number of levels of this place that you have seen.
                   A       B       C       D       E      F
               +-------+-------+-------+-------+-------+----------------------
         Total | 100.0 | 100.0 |   N/A |   N/A | 100.0 |  21.0
       Dungeon | 100.0 | 100.0 |   N/A |   N/A | 100.0 |  21.0
               +-------+-------+-------+-------+-------+----------------------

Table legend: (Time is in decaauts)
 A = Elapsed time spent in this place.
 B = Non-inter-level travel time spent in this place.
 C = Inter-level travel time spent in this place.
 D = Time resting spent in this place.
 E = Time spent auto-exploring this place.
 F = Levels seen in this place.
 G = Mean time per level.
                   A        B        C        D        E       F      G
               +--------+--------+--------+--------+--------+-----+--------+
         Total |    704 |    704 |      0 |    339 |    258 |   1 |  704.0 |
       Dungeon |    704 |    704 |      0 |    339 |    258 |   1 |  704.0 |
               +--------+--------+--------+--------+--------+-----+--------+

Top non-repeatable levels by time:
     D:1: 704 daAuts
